 Dungeon Crawl Stone Soup version 0.25-a0-356-g7c9d860b3b (webtiles) character file.

Game seed: 4463900502804500992, levelgen mode: classic

2120 Borgoz the Carver (level 9, -2/57 HPs)
             Began as a Gargoyle Berserker on Jan 3, 2020.
             Was an Elder of Trog.
             Slain by Borgoz's ghost (9 damage)
             ... on level 7 of the Dungeon.
             The game lasted 00:07:31 (6085 turns).

Borgoz the Carver (Gargoyle Berserker)              Turns: 6085, Time: 00:07:32

Health: -2/57      AC: 15    Str: 24    XL:     9   Next: 29%
Magic:  9/9        EV: 10    Int:  8    God:    Trog [****..]
Gold:   305        SH:  0    Dex:  9    Spells: 8/8 levels left

rFire    . . .     SeeInvis .   a - +0 falchion
rCold    . . .     Gourm    .   (no shield)
rNeg     + . .     Faith    .   k - +0 scale mail
rPois    ∞         Spirit   .   o - +0 helmet
rElec    +         Reflect  .   q - scarf {repulsion}
rCorr    .         Harm     .   (no gloves)
MR       +....                  (no boots)
Stlth    ..........             (no amulet)
HPRegen  0.19/turn              b - ring of protection from magic
MPRegen  0.11/turn              (no ring)

@: berserk cooldown, slowed, repel missiles, very slow
A: negative energy resistance 1, electricity resistance, unbreathing,
petrification resistance, rot immunity, AC +6
a: Berserk, Trog's Hand, Brothers in Arms, Renounce Religion


You were on level 7 of the Dungeon.
You worshipped Trog.
Trog was greatly pleased with you.
You were very hungry.

You visited 1 branch of the dungeon, and saw 7 of its levels.

You collected 305 gold pieces.

Inventory:

Hand Weapons
 a - a +0 falchion (weapon)
 u - a +0 mace of draining
 B - a +0 great sword
 F - a +4 mace
Missiles
 y - a throwing net (quivered)
Armour
 k - a +0 scale mail (worn)
 o - a +0 helmet (worn)
 q - a scarf of repulsion (worn)
Jewellery
 b - a ring of protection from magic (left hand)
 m - a +2 ring of dexterity {unknown}
 H - a cursed amulet of inaccuracy {unknown}
Wands
 l - a wand of random effects (16)
 z - a wand of paralysis (7)
 D - a wand of enslavement (5)
Scrolls
 g - 5 scrolls of remove curse {unknown}
 i - 3 scrolls of fog {unknown}
 j - 2 scrolls of fear {unknown}
 n - a scroll of noise {unknown}
 t - a scroll of random uselessness {unknown}
 w - 4 scrolls of magic mapping {unknown}
 A - 4 scrolls of teleportation
 C - 2 scrolls of identify
 G - a scroll of amnesia {unknown}
Potions
 d - 2 potions of flight
 e - 7 potions of curing
 f - a potion of lignification {unknown}
 h - 2 potions of magic {unknown}
 p - a potion of brilliance {unknown}
 r - 2 potions of haste {unknown}
 v - 2 potions of mutation {unknown}
 x - 2 potions of invisibility
Comestibles
 c - 6 rations


   Skills:
 + Level 7.3 Fighting
 * Level 8.3 Long Blades
 + Level 6.8 Armour
 - Level 1.5 Dodging


You had 8 spell levels left.
You didn't know any spells.
Your spell library was empty.

Dungeon Overview and Level Annotations

Branches:
Dungeon (7/15)             Temple (0/1) D:7

Altars:
Ashenzari
Dithmenos
Makhleb
Okawaru
Qazlal
Zin
The Shining One

Shops:
D:5 *

Annotations:
D:7 Borgoz's ghost, novice GrFi


Innate Abilities, Weirdness & Mutations

You are resistant to torment.
Your stone body is resilient. (AC +6)
You are immune to poison.
You resist negative energy. (rN+)
You are resistant to electric shocks. (rElec)
You can survive without breathing.
You are immune to petrification.
You are immune to rotting.


Message History

Borgoz's ghost hits you but does no damage.
You hit Borgoz's ghost but do no damage.
Borgoz's ghost is heavily damaged.
Borgoz's ghost hits you but does no damage.
You slash Borgoz's ghost!
Borgoz's ghost is severely damaged.
Borgoz's ghost hits you but does no damage.
Borgoz's ghost hits you!
You closely miss Borgoz's ghost.
Borgoz's ghost is severely damaged.
Borgoz's ghost hits you but does no damage.
You closely miss Borgoz's ghost.
Borgoz's ghost is severely damaged.
Borgoz's ghost hits you but does no damage.
You hit Borgoz's ghost but do no damage.
Borgoz's ghost is severely damaged.
Borgoz's ghost hits you!
* * * LOW HITPOINT WARNING * * *
Borgoz's ghost hits you!
You die...

8...#........(.#########.........
....#..........#..#.#..#.........
..............(##.$?$.##.........
........8......#.......#.........
...........##(.##.....##.........
..##..........##.......#.........
..##..##.......###'''###.....)...
)......).........WZ...........)).
................@##........#.#.)#
.................#.#......##....#
.......#.#............#.........#
......#...#...#..###..#...#......
......#..........###..#...##..#..
#.........#......##.......##.##..
###...#...#...............##.###.
....................#......#..###
...#...........##..###.......###


You could see a spectral hound and Borgoz's ghost.

Vanquished Creatures
  Sigmund (D:2)
  Menkaure (D:6)
  2 water moccasins
  An orc warrior (D:6)
  A sky beast (D:7)
  4 ogres
  2 centaurs
  A big kobold (D:7)
  A bullfrog (D:6)
  Blork the orc (D:6)
  A howler monkey (D:4)
  A crimson imp (D:6)
  A hound (D:5)
  2 orc priests
  A gnoll shaman (D:7)
  3 bullfrog skeletons
  6 orc wizards
  A worker ant (D:4)
  A spectral killer bee (D:7)
  A hound skeleton (D:7)
  Robin (D:2)
  A worker ant zombie (D:7)
  7 gnolls (D:7)
  6 adders
  2 worms
  A dart slug (D:1)
  7 leopard geckos
  22 orcs
  9 bats
  A giant cockroach (D:2)
  16 goblins
  6 hobgoblins
  3 jackals (D:1)
  4 ball pythons
  7 frilled lizards
  13 kobolds
  7 rats
146 creatures vanquished.

Notes
Turn   | Place    | Note
-------+----------+-------------------------------------------
     0 | D:1      | Borgoz the Gargoyle Berserker began the quest for the Orb.
     0 | D:1      | Reached XP level 1. HP: 14/14 MP: 1/1
    17 | D:1      | Reached XP level 2. HP: 15/19 MP: 2/2
    29 | D:1      | Reached skill level 3 in Long Blades
   625 | D:2      | Reached XP level 3. HP: 23/23 MP: 3/3
   675 | D:2      | Reached ** piety under Trog
   908 | D:2      | Noticed Sigmund
   919 | D:2      | Killed Sigmund
   919 | D:2      | Reached skill level 4 in Long Blades
   919 | D:2      | Reached XP level 4. HP: 30/30 MP: 4/4
   919 | D:2      | Reached XP level 5. HP: 34/34 MP: 5/5
  1038 | D:2      | Found a shattered altar of Ashenzari.
  1038 | D:2      | Noticed Robin
  1051 | D:2      | Killed Robin
  1276 | D:2      | Reached XP level 6. HP: 39/39 MP: 6/6
  1833 | D:3      | Found a shadowy altar of Dithmenos.
  1870 | D:3      | Found a burning altar of Makhleb.
  1939 | D:4      | Reached *** piety under Trog
  2152 | D:4      | Reached skill level 5 in Long Blades
  2212 | D:4      | Reached skill level 5 in Fighting
  2279 | D:4      | Reached XP level 7. HP: 44/44 MP: 7/7
  2714 | D:4      | Found a shadowy altar of Dithmenos.
  2922 | D:5      | Entered Level 5 of the Dungeon
  2968 | D:5      | Found a stormy altar of Qazlal.
  3445 | D:5      | Reached skill level 6 in Long Blades
  3445 | D:5      | Reached skill level 5 in Armour
  3627 | D:5      | Found Zin's Purification Station.
  3630 | D:5      | Found a glowing silver altar of Zin.
  3887 | D:5      | Reached XP level 8. HP: 36/51 MP: 8/8
  4019 | D:6      | Found an iron altar of Okawaru.
  4075 | D:6      | Noticed Menkaure
  4080 | D:6      | Killed Menkaure
  4251 | D:6      | Found a glowing golden altar of the Shining One.
  4367 | D:6      | Reached skill level 7 in Long Blades
  4812 | D:6      | Noticed Blork the orc
  4819 | D:6      | Killed Blork the orc
  5092 | D:6      | Reached **** piety under Trog
  5480 | D:7      | Reached XP level 9. HP: 56/56 MP: 9/9
  5532 | D:7      | Reached skill level 8 in Long Blades
  5605 | D:7      | Found a runed translucent gate.
  5611 | D:7      | Found a runed translucent gate.
  5731 | D:7      | Found a runed translucent gate.
  5738 | D:7      | Noticed Borgoz's ghost (novice GrFi)
  5929 | D:7      | Found a staircase to the Ecumenical Temple.
  6085 | D:7      | Slain by Borgoz's ghost

Levels and vault maps discovered:
D:1:      wander_arrival_lonely_grave, layout_rooms, st_stairs_10
D:2:      layout_loops_ring, lemuel_round_altar, first_ration,
          minmay_strange_pillars, uniq_sigmund, uniq_robin
D:3:      layout_rooms, overflow_temple_1_default, lemuel_coloured_pillars_altar
D:4:      layout_basic, hangedman_abyss_or_decor_stagger, skrybe_limestone_x,
          grunt_dithmenos_smoke_and_mirrors
D:5:      layout_loops_ring, nicolae_qazlal_general_emergency, zin_purify,
          grunt_ministairs_5, saegor_snake_ambush
D:6:      layout_loops_corners, tso_metal_star, lemuel_crystal_altar,
          uniq_blork_the_orc, uniq_menkaure
D:7:      layout_cave_pools, temple_statues, serial_column_ruins,
          column_ruins_hut_ruined, column_ruins_open_medium,
          column_ruins_corridor_dead_end, column_ruins_open_small,
          column_ruins_columns_straight, column_ruins_grid_1,
          gammafunk_ghost_necromancy

Skill      XL: |  1  2  3  4  5  6  7  8  9 |
---------------+----------------------------+-----
Long Blades    | 3 4 5 6 7 8 |  8.3
Fighting       | 4 5 6 7 |  7.3
Armour         | 3 4 5 6 |  6.8
Dodging        | |  1.5

Action                   |  1- 3 |  4- 6 |  7- 9 || total
-------------------------+-------+-------+-------++-------
Melee: Falchion          |    97 |   145 |   378 ||   620
       Great sword       |       |       |    14 ||    14
Invok: Berserk           |     2 |     3 |     9 ||    14
       Trog's Hand       |     1 |       |     1 ||     2
  Use: Scroll            |       |     4 |     3 ||     7
       Potion            |       |       |     1 ||     1
 Stab: Sleeping          |     1 |       |       ||     1
  Eat: Chunk             |     1 |     9 |    16 ||    26
       Ration            |       |       |     1 ||     1
Armor: Animal skin       |    30 |       |       ||    30
       Scale mail        |     5 |    63 |   209 ||   277
Dodge: Dodged            |    96 |    75 |   182 ||   353
       Deflected         |       |       |     8 ||     8
       Rpst.: Falchion   |    27 |    27 |    48 ||   102
       Great sword       |       |       |     3 ||     3

Table legend:
 A = Non-vault XP
 B = Vault XP
 C = Vault XP percentage of total XP
 D = Non-vault monster count
 E = Vault monster count
 F = Vault count percentage of total count
                 A         B        C        D         E       F
            +---------+---------+-------+---------+---------+-------
      Total |    2452 |     577 |  19.0 |     121 |      25 |  17.1
            +---------+---------+-------+---------+---------+-------
        D:1 |      27 |       2 |   6.9 |      15 |       2 |  11.8
        D:2 |      67 |     247 |  78.7 |      27 |      14 |  34.1
        D:3 |      22 |       0 |   0.0 |      11 |       0 |   0.0
        D:4 |     356 |       0 |   0.0 |      12 |       0 |   0.0
        D:5 |     557 |      10 |   1.8 |      14 |       4 |  22.2
        D:6 |     578 |     256 |  30.7 |      15 |       2 |  11.8
        D:7 |     845 |      62 |   6.8 |      27 |       3 |  10.0
            +---------+---------+-------+---------+---------+-------
